Map: Torri del crepuscolo

Players

Diord - Winner!

  • Race: Terran Terran
  • League: Grandmaster

hydra

  • Race: Zerg Zerg
  • League: Grandmaster

VOD

https://www.twitch.tv/diord89/v/58822341?t=1h31m30s

Description

Diord God of Mech

Time

  • Played on: April 5, 2016, 5:23 p.m.
  • Length: 16:32
Show
View Real Time Build Order
Export as new Build Order

Diord Terran - Winner!

Build Orders: Reaper Expand, Hellion Banshee 

Get SALT Encoding   

  12  0:01  SCV  
  13  0:13  SCV  
  14  0:17  Supply Depot  
  14  0:25  SCV  
  15  0:39  SCV  
  15  0:40  Barracks  
  16  0:46  Refinery  
  16  0:51  SCV  
  17  1:03  SCV  
  18  1:16  SCV  
  19  1:29  Orbital Command, Reaper  
  20  1:42  Command Center  
  20  1:46  Refinery  
  20  1:52  Supply Depot  
  20  1:55  SCV  
  20  2:00  Marine  
  22  2:07  SCV  
  23  2:16  Factory  
  23  2:19  Barracks Reactor  
  23  2:20  SCV  
  24  2:32  SCV  
  25  2:44  SCV  
  26  2:56  SCV  
  26  2:57  Orbital Command  
  27  3:05  Starport  
  27  3:07  Hellion x2  
  27  3:08  SCV  
  32  3:13  Barracks Tech Lab  
  32  3:20  SCV  
  32  3:22  Supply Depot  
  33  3:28  Hellion x2  
  33  3:31  SCV  
  33  3:33  SCV  
  38  3:43  SCV  
  38  3:46  SCV  
  40  3:52  Cloaking Field, Banshee  
  40  3:54  Hellion x2  
  47  3:56  Armory  
  47  4:02  Supply Depot  
  47  4:03  SCV  
  47  4:05  SCV  
  49  4:15  SCV, Hellion  
  49  4:16  Hellion  
  54  4:24  Supply Depot, SCV  
  54  4:27  SCV  
  56  4:34  Armory  
  56  4:36  SCV  
  56  4:37  Hellion x2  
  61  4:45  SCV  
  61  4:46  Banshee  
  61  4:48  Supply Depot x2  
  61  4:50  Terran Vehicle Weapons Level 1  
  61  4:51  SCV  
  66  4:58  Hellion x2  
  70  5:09  SCV  
  71  5:19  SCV  
  71  5:20  Hellion x2  
  68  5:22  Command Center  
  68  5:24  Terran Vehicle And Ship Armor Level 1  
  68  5:25  SCV  
  63  5:31  Banshee  
  63  5:34  SCV  
  65  5:38  SCV, Factory  
  65  5:39  Refinery  
  65  5:40  Refinery  
  66  5:48  Hellion x2  
  70  5:58  SCV  
  70  5:59  SCV  
  70  6:02  Factory  
  69  6:05  Engineering Bay  
  67  6:14  Hellion x2  
  67  6:18  Banshee  
  74  6:24  SCV x2  
  73  6:26  Factory Tech Lab, Barracks Tech Lab  
  67  6:36  SCV, Hellion x2  
  72  6:41  SCV  
  72  6:43  Supply Depot  
  72  6:45  Orbital Command  
  73  6:48  Supply Depot  
  73  6:57  Hellion  
  73  7:01  Thor  
  73  7:05  SCV x2  
  70  7:10  Orbital Command  
  70  7:11  Thor  
  70  7:12  Hellion  
  79  7:17  SCV x2  
  79  7:20  Missile Turret  
  79  7:21  Terran Vehicle Weapons Level 2  
  79  7:22  Terran Vehicle And Ship Armor Level 2  
  80  7:23  Missile Turret  
  80  7:29  Banshee  
  80  7:32  SCV  
  80  7:35  Missile Turret  
  80  7:37  SCV x2  
  86  7:41  Hellion x2  
  90  7:50  Thor  
  96  7:51  SCV, Missile Turret  
  96  7:52  SCV  
  98  7:58  SCV  
  98  7:59  Missile Turret  
  98  8:03  SCV  
  100  8:07  Thor  
  100  8:09  SCV  
  100  8:11  SCV  
  100  8:12  Refinery  
  108  8:13  Refinery  
  108  8:15  Supply Depot  
  108  8:16  Banshee  
  111  8:22  SCV  
  111  8:24  Supply Depot  
  111  8:25  SCV  
  111  8:26  SCV  
  114  8:29  Hellion  
  114  8:33  Supply Depot  
  114  8:34  Supply Depot  
  116  8:36  Hellion  
  116  8:37  Siege Tank  
  121  8:43  Supply Depot  
  121  8:52  Siege Tank, Hellion  
  121  8:53  Factory  
  126  8:58  Factory, Hellion  
  126  9:00  Command Center  
  128  9:05  Supply Depot  
  131  9:10  Siege Tank, Supply Depot  
  131  9:14  Supply Depot, Hellion  
  133  9:17  Banshee  
  138  9:24  Siege Tank, Hellion  
  138  9:29  Supply Depot x2  
  138  9:30  Supply Depot  
  141  9:36  Hellion  
  141  9:37  Supply Depot  
  143  9:39  Terran Vehicle Weapons Level 3  
  143  9:42  SCV x3  
  146  9:50  Missile Turret  
  146  9:51  Missile Turret  
  146  9:52  Missile Turret x2  
  146  9:53  Factory Reactor, Factory Tech Lab  
  146  9:54  Thor, Missile Turret  
  146  9:56  Hellion  
  154  10:00  Thor  
  154  10:05  SCV x2  
  160  10:14  Missile Turret  
  160  10:15  Thor  
  160  10:16  Banshee  
  160  10:17  Missile Turret  
  160  10:18  Missile Turret  
  169  10:26  Missile Turret  
  169  10:30  Missile Turret  
  167  10:37  Refinery  
  167  10:39  Missile Turret  
  167  10:41  Refinery  
  167  10:44  Siege Tank, Hellion x4  
  167  10:45  Siege Tank  
  181  10:58  Hellion  
  183  11:16  Siege Tank  
  183  11:17  Siege Tank  
  161  11:21  Widow Mine x3  
  161  11:22  Widow Mine  
  161  11:23  Banshee  
  162  11:32  SCV x2  
  158  11:33  SCV  
  158  11:37  Siege Tank, Missile Turret  
  128  11:48  Hellbat  
  117  11:56  Thor, Widow Mine x4  
  125  12:07  Missile Turret  
  125  12:09  Siege Tank, Hellbat  
  125  12:13  Planetary Fortress  
  104  12:28  Missile Turret  
  104  12:31  Missile Turret  
  104  12:35  Thor  
  110  12:37  Liberator x2  
  109  12:45  Thor  
  109  12:46  Thor  
  116  12:53  Thor  
  127  12:58  Missile Turret  
  127  13:00  Missile Turret  
  127  13:16  SCV x2  
  127  13:17  SCV x2  
  127  13:18  Thor  
  137  13:22  Drilling Claws  
  137  13:24  Hellion x2  
  141  13:31  Thor  
  141  13:33  Liberator x2  
  145  13:34  Missile Turret  
  145  13:37  Missile Turret  
  145  13:38  Hellion x2  
  143  14:09  Thor  
  148  14:10  Missile Turret x2  
  148  14:11  Hellion  
  150  14:19  Thor  
  156  14:27  Widow Mine x3  
  162  14:31  Liberator x2  
  162  14:32  Widow Mine  
  155  15:13  Widow Mine x2  
  159  15:15  Hellion  
  159  15:20  Refinery  
  161  15:22  Command Center  
  161  15:29  Siege Tank, Hellion  
  161  15:30  Hellion  
  161  15:31  Command Center  
  168  15:36  Siege Tank  
  170  15:42  Hellion  
  170  15:45  Hellion  
  172  15:50  Siege Tank  
  172  15:51  Hellion  
Show
View Real Time Build Order
Export as new Build Order

hydra Zerg 

Build Orders: Hatch First 

Get SALT Encoding   

  12  0:00  Drone  
  13  0:12  Overlord  
  13  0:17  Drone  
  14  0:30  Drone x2  
  14  0:34  Drone  
  17  0:51  Hatchery  
  17  0:54  Drone  
  17  0:57  Drone  
  17  1:03  Extractor  
  17  1:12  Spawning Pool  
  17  1:15  Drone  
  17  1:19  Drone  
  18  1:28  Drone  
  19  1:38  Overlord  
  19  1:59  Queen  
  19  2:00  Zergling x4  
  23  2:02  Queen  
  23  2:03  Drone  
  23  2:04  Metabolic Boost  
  26  2:11  Drone  
  26  2:13  Drone  
  28  2:21  Zergling x2  
  29  2:25  Drone  
  30  2:32  Drone  
  30  2:34  Queen  
  33  2:37  Drone  
  34  2:44  Pneumatized Carapace  
  34  2:45  Overlord  
  34  2:47  Drone  
  35  2:54  Drone  
  35  2:58  Overlord  
  36  3:05  Drone  
  37  3:06  Drone  
  37  3:07  Drone x2  
  37  3:08  Drone  
  37  3:10  Drone  
  37  3:11  Drone  
  43  3:13  Drone  
  44  3:28  Hatchery  
  44  3:31  Hatchery  
  44  3:33  Drone  
  44  3:39  Drone  
  44  3:40  Queen  
  47  3:44  Queen  
  49  3:51  Overlord  
  49  3:53  Drone  
  49  3:55  Drone  
  49  3:58  Drone  
  49  3:59  Overlord  
  49  4:02  Drone  
  51  4:06  Evolution Chamber  
  51  4:07  Evolution Chamber  
  51  4:08  Overlord  
  51  4:09  Drone  
  50  4:12  Drone x2  
  50  4:14  Drone  
  53  4:18  Lair  
  53  4:19  Drone  
  53  4:22  Extractor  
  53  4:25  Drone  
  53  4:30  Drone x2  
  56  4:32  Drone x3  
  56  4:33  Extractor  
  56  4:34  Overlord  
  56  4:36  Extractor  
  57  4:44  Queen  
  59  4:47  Zerg Melee Weapons Level 1  
  59  4:54  Zergling x12  
  59  4:55  Zerg Ground Armor Level 1  
  59  4:59  Zergling x4  
  67  5:03  Zergling x6  
  69  5:17  Drone x2  
  69  5:18  Queen x2, Overseer  
  69  5:20  Drone  
  62  5:22  Queen  
  62  5:25  Zergling x2  
  61  5:34  Zergling x10  
  63  5:40  Zergling x8  
  67  5:45  Zergling x6  
  70  5:53  Drone  
  66  6:00  Zergling x10  
  64  6:05  Queen  
  64  6:06  Queen  
  64  6:08  Zergling x6  
  66  6:17  Zergling x4  
  67  6:22  Drone  
  62  6:27  Zergling x4  
  62  6:29  Zergling x2  
  62  6:30  Zergling x10, Spire  
  65  6:34  Zergling x2  
  65  6:44  Queen x2  
  65  6:46  Zergling x4  
  72  6:53  Zergling x2  
  72  6:54  Zergling x6  
  65  7:01  Zerg Melee Weapons Level 2, Zerg Ground Armor Level 2  
  65  7:06  Drone  
  65  7:07  Drone  
  64  7:23  Spire  
  64  7:25  Baneling Nest  
  64  7:26  Zergling x14  
  64  7:28  Hatchery  
  69  7:38  Drone x2  
  69  7:39  Drone  
  72  7:49  Overlord x2  
  72  7:53  Queen x2  
  72  7:54  Roach Warren  
  70  8:18  Drone x3  
  70  8:19  Extractor, Drone x3  
  75  8:20  Zerg Flyer Weapons Level 1, Extractor  
  74  8:34  Overseer  
  74  8:36  Glial Reconstitution  
  74  8:39  Hatchery  
  74  8:41  Overlord  
  73  8:55  Drone x2  
  74  8:59  Zergling x10  
  79  9:05  Mutalisk x6  
  79  9:07  Extractor  
  79  9:08  Mutalisk  
  79  9:09  Mutalisk  
  94  9:12  Baneling, Extractor  
  94  9:13  Baneling x4  
  94  9:14  Baneling  
  94  9:15  Baneling  
  94  9:16  Baneling  
  95  9:18  Baneling x5  
  95  9:19  Baneling  
  95  9:21  Baneling x3  
  95  9:22  Baneling  
  95  9:23  Baneling x2  
  95  9:24  Baneling  
  95  9:25  Baneling  
  95  9:26  Baneling  
  95  9:35  Mutalisk x3  
  101  9:44  Mutalisk  
  101  9:45  Mutalisk  
  105  9:47  Overlord x2  
  105  9:48  Overlord  
  105  10:11  Drone x2  
  105  10:12  Drone x6  
  105  10:14  Extractor  
  112  10:15  Drone x8  
  112  10:19  Zerg Missile Weapons Level 1  
  120  10:23  Overlord x2  
  120  10:24  Zerg Flyer Armor Level 1  
  120  10:28  Drone  
  121  10:37  Overlord  
  121  10:40  Mutalisk x4  
  121  10:41  Mutalisk  
  131  10:45  Mutalisk, Extractor  
  131  10:49  Mutalisk  
  132  10:50  Mutalisk  
  136  10:58  Mutalisk  
  136  10:59  Mutalisk x3  
  144  11:06  Mutalisk x2  
  144  11:07  Mutalisk x2  
  131  11:19  Mutalisk x3  
  131  11:23  Queen  
  125  11:30  Mutalisk  
  125  11:31  Mutalisk  
  91  11:50  Drone  
  91  11:51  Drone x2  
  92  11:57  Mutalisk, Hatchery  
  92  11:58  Mutalisk x3  
  85  12:06  Hatchery  
  85  12:08  Drone x3  
  74  12:28  Mutalisk x3  
  80  12:45  Mutalisk x2  
  80  12:54  Mutalisk  
  82  13:00  Drone  
  82  13:01  Drone x4  
  87  13:08  Queen  
  89  13:14  Drone  
  88  13:32  Drone  
  88  13:33  Drone x6  
  95  13:41  Queen  
  91  13:56  Roach x5  
  91  13:57  Roach  
  91  14:01  Hydralisk Den  
  102  14:07  Roach x2  
  106  14:10  Drone x2  
  106  14:16  Roach x2  
  112  14:30  Spore Crawler  
  110  14:33  Drone  
  110  14:34  Drone x2  
  110  14:37  Drone x2, Hatchery  
  109  14:40  Lurker Den  
  108  14:58  Infestation Pit  
  101  15:10  Drone x3  
  101  15:12  Hydralisk, Extractor  
  101  15:13  Hydralisk x7  
  117  15:19  Drone x2  
  117  15:20  Extractor  
  118  15:28  Drone  
  113  15:50  Hydralisk x4  
  113  15:54  Roach x9  
  113  15:55  Roach x2  
  113  15:56  Overseer  
  135  15:58  Overseer x2  
  135  16:07  Lurker x4  
Tags
 
Add a new tag
Caveats
  • Supply blocks, unpowered buildings, or Contaminate may cause inaccurate times.
  • Supply counts are checked every 10 seconds.